 Dungeon Crawl Stone Soup version 0.18.1-8-gdd0e5ea (webtiles) character file.

12959 Tensor the Slicer (level 11, -3/47 HPs)
             Began as a Spriggan Enchanter on May 25, 2016.
             Was an Elder of Dithmenos.
             Slain by a six-headed hydra (13 damage)
             ... on level 1 of the Lair of Beasts.
             The game lasted 02:19:16 (17607 turns).

Tensor the Slicer (Spriggan Enchanter)             Turns: 17607, Time: 02:19:17

Health: -3/47      AC:  3    Str:  4    XL:     11   Next: 69%
Magic:  15/22      EV: 24    Int: 18    God:    Dithmenos [****..]
Gold:   684        SH:  7    Dex: 19    Spells: 6 memorised, 9 levels left

rFire  . . .     SeeInvis +     b - +2 short sword (speed)
rCold  . . .     Gourm    .     z - +2 robe
rNeg   . . .     Faith    .     A - +2 buckler
rPois  .         Spirit   .     (helmet restricted)
rElec  .         Dismiss  .     (no cloak)
rCorr  .         Reflect  .     (gloves unavailable)
SustAt .         Harm     .     (boots unavailable)
MR     +....                    (no amulet)
Stlth  ++++++....               (no ring)
                                (no ring)

@: wreathed by umbra, very quick, somewhat resistant to hostile enchantments,
very stealthy
A: unfitting armour, see invisible, deformed body, herbivore 3, speed 3, slow
metabolism 2
a: Shadow Step, Renounce Religion


You were on level 1 of the Lair of Beasts.
You worshipped Dithmenos.
Dithmenos was greatly pleased with you.
You were not hungry.

You visited 3 branches of the dungeon, and saw 13 of its levels.

You collected 684 gold pieces.

Inventory:

Hand Weapons
 a - a +2 dagger
 b - a +2 short sword of speed (weapon)
 F - the +8 whip "Nitid" {holy, rPois rN+}
   (You found it on level 8 of the Dungeon)

   It has been blessed by the Shining One to cause great damage to the undead
   and demons.
   It protects you from poison.
   It protects you from negative energy.
Missiles
 v - 26 poisoned needles
 w - 2 needles of sleeping
Armour
 z - a +2 robe (worn)
 A - a +2 buckler (worn)
 M - the -5 robe of Misfortune {-Cast *Contam *Tele EV-4 Str-2 Int-2 Dex-2 Stlth-- *Curse}
   (You found it on level 10 of the Dungeon)

   It affects your evasion (-4).
   It affects your strength (-2).
   It affects your intelligence (-2).
   It affects your dexterity (-2).
   It prevents spellcasting.
   It may teleport you next to monsters.
   It may re-curse itself when equipped.
   It causes magical contamination when unequipped.
   It makes you much less stealthy.
Jewellery
 y - an uncursed ring of positive energy
Wands
 D - a wand of confusion (12/48)
 E - a wand of slowing (29/48)
Scrolls
 f - 8 scrolls of remove curse
 i - 2 scrolls of teleportation
 m - a scroll of amnesia {unknown}
 q - a scroll of magic mapping
 r - a scroll of vulnerability {unknown}
 t - 2 scrolls of holy word {unknown}
 C - a scroll of recharging {unknown}
 G - a scroll of enchant weapon
 I - a scroll of random uselessness {unknown}
 N - a scroll of identify
Potions
 e - 4 potions of brilliance {unknown}
 g - 2 potions of magic {unknown}
 j - 3 potions of flight {unknown}
 k - 2 potions of ambrosia
 l - 2 potions of heal wounds
 n - a potion of berserk rage
 o - 6 potions of might {unknown}
 p - 4 potions of lignification {unknown}
 s - 2 potions of curing
 u - a potion of agility
 O - a potion of mutation {unknown}
Books
 c - a book of Maledictions

   Spells                             Type                      Level
   a - Corona                         Hexes                        1
   b - Ensorcelled Hibernation        Hexes/Ice                    2
   c - Confuse                        Hexes                        3
   d - Tukima's Dance                 Hexes                        3
   e - Dazzling Spray                 Conjuration/Hexes            3
 h - a Young Poisoner's Handbook

   Spells                             Type                      Level
   a - Sting                          Conjuration/Poison           1
   b - Cure Poison                    Poison                       2
   c - Mephitic Cloud                 Conjuration/Poison/Air       3
   d - Olgreb's Toxic Radiance        Poison                       4
   e - Venom Bolt                     Conjuration/Poison           5
 B - a book of the Earth

   Spells                             Type                      Level
   a - Leda's Liquefaction            Hexes/Earth                  4
   b - Bolt of Magma                  Conjuration/Fire/Earth       5
   c - Statue Form                    Transmutation/Earth          6
   d - Iron Shot                      Conjuration/Earth            6
   e - Shatter                        Earth                        9
 H - a book of Summonings

   Spells                             Type                      Level
   a - Recall                         Summoning/Translocation      3
   b - Aura of Abjuration             Summoning                    5
   c - Summon Demon                   Summoning                    5
   d - Summon Forest                  Summoning/Translocation      5
   e - Summon Mana Viper              Hexes/Summoning              5
   f - Shadow Creatures               Summoning                    6
 J - a book of Callings

   Spells                             Type                      Level
   a - Summon Small Mammal            Summoning                    1
   b - Call Imp                       Summoning                    2
   c - Call Canine Familiar           Summoning                    3
   d - Summon Guardian Golem          Hexes/Summoning              3
   e - Summon Lightning Spire         Summoning/Air                4
   f - Summon Ice Beast               Ice/Summoning                4
 K - a book of Death

   Spells                             Type                      Level
   a - Corpse Rot                     Necromancy                   2
   b - Sublimation of Blood           Necromancy                   2
   c - Agony                          Necromancy                   5
   d - Dispel Undead                  Necromancy                   5
   e - Excruciating Wounds            Charms/Necromancy            5
   f - Bolt of Draining               Conjuration/Necromancy       5
 L - Jammumn's Collected Works on Earth
   (You found it on level 10 of the Dungeon)

   Spells                             Type                      Level
   a - Lee's Rapid Deconstruction     Earth                        5
   b - Iron Shot                      Conjuration/Earth            6
   c - Shatter                        Earth                        9
Comestibles
 d - 11 bread rations
 x - a royal jelly


   Skills:
 - Level 12.0 Short Blades
 - Level 8.0 Dodging
 - Level 6.0 Stealth
 - Level 7.2 Spellcasting
 - Level 5.2 Conjurations
 - Level 9.3 Hexes
 + Level 4.4 Summonings
 - Level 4.4 Ice Magic
 - Level 3.0 Poison Magic


You had 9 spell levels left.
You knew the following spells:

 Your Spells              Type           Power        Failure   Level  Hunger
a - Corona                Hex            #####..      1%          1    None
b - Ensorcelled Hibernat  Hex/Ice        ####..       1%          2    None
c - Confuse               Hex            #####...     1%          3    ##.....
d - Dazzling Spray        Conj/Hex       ####....     2%          3    ##.....
e - Sting                 Conj/Pois      ###.         4%          1    None
f - Summon Mana Viper     Hex/Summ       ####....     30%         5    #####..


Dungeon Overview and Level Annotations

Branches:
Dungeon (11/15)            Temple (1/1) D:4            Lair (1/8) D:10
    Orc: D:9-12

Altars:
Ashenzari
Cheibriados
Dithmenos
Elyvilon
Fedhas
Gozag
Kikubaaqudgha
Makhleb
Nemelex Xobeh
Okawaru
Pakellas
Qazlal
Ru
Sif Muna
Trog
Vehumet
Xom
Yredelemnul
Zin
The Shining One

Shops:
D:4 }   D:8 =   D:10 =%(

Portals:
Sewer: D:3


Innate Abilities, Weirdness & Mutations

You are tiny and cannot use many weapons and most armour.
You have supernaturally acute eyesight.
You are a herbivore.
You cover ground extremely quickly.
You need consume almost no food.
Armour fits poorly on your strangely shaped body.


Message History

Confirm with . or Enter, or press ? or * to list all spells.
Aiming: Ensorcelled Hibernation
Press: ? - help, Shift-Dir - straight line, f/p - six-headed hydra
Aim: a six-headed hydra (severely wounded, umbra, chance to defeat MR: 26%)
The six-headed hydra resists with almost no effort.
Casting: Ensorcelled Hibernation
Confirm with . or Enter, or press ? or * to list all spells.
Aiming: Ensorcelled Hibernation
Press: ? - help, Shift-Dir - straight line, f/p - six-headed hydra
Aim: a six-headed hydra (severely wounded, umbra, chance to defeat MR: 26%)
The six-headed hydra resists with almost no effort.
The six-headed hydra closely misses you.
You block the six-headed hydra's attack.
The six-headed hydra bites you!
* * * LOW HITPOINT WARNING * * *
The six-headed hydra closely misses you.
The six-headed hydra bites you.
* * * LOW HITPOINT WARNING * * *
The six-headed hydra bites you!
You die...

#### ## #
####P#.#####.##P##
...P..............
..........D.......
.........@........
.......<..........
..................
..................
..................
##.P########.#####
### ##


You could see a six-headed hydra.

Vanquished Creatures
  Josephine (D:10)
  Urug (D:10)
  6 wizards (D:10)
  An ugly thing (D:7)
  A komodo dragon (D:10)
  Sigmund (D:6)
  A spriggan (D:7)
  5 wraiths (D:10)
  A wyvern (D:10)
  5 yaks (D:9)
  Menkaure (D:7)
  2 orc warriors (D:9)
  7 phantoms
  5 sky beasts
  2 ice beasts
  8 ogres
  4 boggarts (D:10)
  4 centaurs
  A crocodile (D:10)
  Blork the orc (D:5)
  2 big kobolds (D:7)
  6 giant frogs
  3 killer bees (D:9)
  6 scorpions
  4 howler monkeys
  3 wights (D:7)
  3 crimson imps
  2 giant frog zombies
  A quasit (D:9)
  8 orc priests
  5 hounds
  10 orc wizards
  3 giant frog skeletons
  2 centaur skeletons (D:5)
  3 jellies
  6 worker ants
  A killer bee zombie (D:8)
  3 hound skeletons
  2 hound zombies (D:7)
  11 gnolls
  9 adders
  3 oozes
  4 adder skeletons
  5 worms
  4 dart slugs
  7 giant geckos
  43 orcs
  2 ball pythons
  7 bats
  4 giant cockroaches
  5 goblins
  11 hobgoblins
  22 jackals
  26 kobolds
  9 quokkas
  4 giant newts
  A quokka zombie (D:7)
  6 rats
314 creatures vanquished.

Vanquished Creatures (others)
  A wizard (D:10)
  A worker ant (D:8)
2 creatures vanquished.

Grand Total: 316 creatures vanquished

Notes
Turn   | Place    | Note
--------------------------------------------------------------
     0 | D:1      | Tensor the Spriggan Enchanter began the quest for the Orb.
     0 | D:1      | Reached XP level 1. HP: 9/9 MP: 5/5
   472 | D:1      | Reached XP level 2. HP: 9/13 MP: 4/6
   892 | D:1      | Learned a level 2 spell: Ensorcelled Hibernation
  1136 | D:1      | Reached XP level 3. HP: 7/16 MP: 6/8
  1700 | D:2      | Found a radiant altar of Vehumet.
  1737 | D:2      | Found an ancient bone altar of Kikubaaqudgha.
  1790 | D:2      | Reached skill level 5 in Hexes
  1939 | D:2      | Reached skill level 1 in Ice Magic
  2176 | D:2      | Reached XP level 4. HP: 21/21 MP: 4/9
  3422 | D:2      | Learned a level 3 spell: Confuse
  3428 | D:2      | Found a sparkling altar of Nemelex Xobeh.
  3484 | D:2      | Reached XP level 5. HP: 24/24 MP: 7/10
  4183 | D:3      | Found a glowing drain.
  4517 | D:4      | Reached XP level 6. HP: 17/28 MP: 6/11
  5252 | D:4      | Found an oddly glowing altar of Pakellas.
  5252 | D:4      | Found Pakellas's Prime Provisions.
  5312 | D:4      | Found a staircase to the Ecumenical Temple.
  5347 | Temple   | Entered the Ecumenical Temple
  5418 | Temple   | Became a worshipper of Dithmenos the Shadowed
  6248 | D:4      | Reached XP level 7. HP: 29/32 MP: 1/12
  6611 | D:5      | Entered Level 5 of the Dungeon
  7627 | D:5      | Reached * piety under Dithmenos
  7870 | D:5      | Noticed Blork the orc
  7882 | D:5      | Killed Blork the orc
  7882 | D:5      | Reached skill level 2 in Short Blades
  8052 | D:5      | Reached skill level 3 in Short Blades
  8052 | D:5      | Reached XP level 8. HP: 31/36 MP: 3/13
  8569 | D:5      | Reached skill level 4 in Short Blades
  8699 | D:5      | Reached skill level 5 in Stealth
  8860 | D:5      | Found a deep blue altar of Sif Muna.
  9535 | D:5      | Reached ** piety under Dithmenos
  9535 | D:5      | Reached skill level 5 in Short Blades
  9758 | D:6      | Reached skill level 5 in Dodging
  9791 | D:6      | Noticed Sigmund
  9946 | D:6      | Killed Sigmund
  9966 | D:6      | Reached skill level 6 in Short Blades
  9990 | D:6      | Reached XP level 9. HP: 39/39 MP: 6/14
 10085 | D:6      | Found a white marble altar of Elyvilon.
 11337 | D:7      | Noticed Menkaure
 11348 | D:7      | Killed Menkaure
 11348 | D:7      | Reached skill level 7 in Short Blades
 11361 | D:7      | Learned a level 3 spell: Dazzling Spray
 11467 | D:7      | Noticed a brown ugly thing
 11492 | D:7      | Killed a brown ugly thing
 11492 | D:7      | Reached skill level 8 in Short Blades
 11495 | D:7      | Learned a level 1 spell: Sting
 11680 | D:7      | Reached skill level 1 in Poison Magic
 12201 | D:7      | Reached *** piety under Dithmenos
 12286 | D:7      | Found a burning altar of Makhleb.
 12407 | D:7      | Found a stormy altar of Qazlal.
 12517 | D:7      | Reached XP level 10. HP: 42/44 MP: 7/15
 12779 | D:8      | Found a shattered altar of Ashenzari.
 12848 | D:8      | Found a glowing silver altar of Zin.
 13088 | D:8      | Found Topi's Jewellery Emporium.
 13154 | D:8      | Found a sparkling altar of Nemelex Xobeh.
 13351 | D:8      | Found a snail-covered altar of Cheibriados.
 13354 | D:8      | Got a polished whip
 13355 | D:8      | Identified the +8 whip "Nitid" {holy, rPois rN+} (You found it on level 8 of the Dungeon)
 13492 | D:8      | Reached skill level 5 in Conjurations
 13894 | D:9      | Found a flagged portal.
 14049 | D:9      | Reached skill level 9 in Short Blades
 14146 | D:9      | Reached **** piety under Dithmenos
 14599 | D:9      | Reached skill level 10 in Short Blades
 15138 | D:10     | Entered Level 10 of the Dungeon
 15183 | D:10     | Found a staircase to the Lair.
 15232 | D:10     | Noticed Josephine
 15274 | D:10     | Found Joepuac's Food Shoppe.
 15513 | D:10     | Reached skill level 5 in Spellcasting
 15532 | D:10     | Killed Josephine
 15532 | D:10     | Reached skill level 11 in Short Blades
 15532 | D:10     | Reached XP level 11. HP: 37/47 MP: 10/20
 15736 | D:10     | Noticed a wizard
 15749 | D:10     | Killed a wizard
 15757 | D:10     | Noticed a wizard
 15764 | D:10     | Killed a wizard
 15844 | D:10     | Noticed a wizard
 15851 | D:10     | Noticed a wizard
 15852 | D:10     | Killed a wizard
 15940 | D:10     | Killed a wizard
 15944 | D:10     | Noticed Urug
 16614 | D:10     | Learned a level 5 spell: Summon Mana Viper
 16633 | D:10     | Noticed a wizard
 16690 | D:10     | Killed a wizard
 16759 | D:10     | Reached skill level 12 in Short Blades
 16834 | D:10     | Noticed a wizard
 16847 | D:10     | Killed a wizard
 16908 | D:10     | Noticed a wizard
 17036 | D:10     | Killed a wizard
 17043 | D:10     | Identified Jammumn's Collected Works on Earth
 17047 | D:10     | Got an ancient robe
 17058 | D:10     | Identified the cursed -5 robe of Misfortune {-Cast *Contam *Tele EV-4 Str-2 Int-2 Dex-2 Stlth-- *Curse} (You found it on level 10 of the Dungeon)
 17107 | D:10     | Gained mutation: Armour fits poorly on your strangely shaped body. [mutagenic glow]
 17279 | D:10     | Found Paugozen's Antique Weapon Emporium.
 17365 | D:10     | Killed Urug
 17400 | D:10     | Found Tigoaggu's Jewellery Shop.
 17599 | Lair:1   | Entered Level 1 of the Lair of Beasts
 17599 | Lair:1   | Noticed a six-headed hydra
 17607 | Lair:1   | Slain by a six-headed hydra

Skill      XL: |  1  2  3  4  5  6  7  8  9 10 11 |
---------------+----------------------------------+-----
Hexes          | 4 5 6 7 8 9 |  9.3
Ice Magic      | 1 2 3 4 |  4.4
Short Blades   | 3 6 8 11 12 | 12.0
Stealth        | 6 |  6.0
Dodging        | 6 8 |  8.0
Conjurations   | 3 5 |  5.2
Poison Magic   | 3 |  3.0
Spellcasting   | 5 7 |  7.2
Summonings     | 4 |  4.4

Action                   |  1- 3 |  4- 6 |  7- 9 | 10-12 || total
-------------------------+-------+-------+-------+-------++-------
Melee: Dagger            |   152 |   171 |   413 |    74 ||   810
       Short sword       |       |       |       |   328 ||   328
       Whip              |       |       |       |     1 ||     1
 Cast: Corona            |    17 |     4 |       |     1 ||    22
       Ensorcelled Hiber |    17 |    42 |    69 |    55 ||   183
       Confuse           |       |    10 |    59 |    52 ||   121
       Sting             |       |       |     1 |     6 ||     7
Evoke: Wand              |       |       |       |     3 ||     3
  Use: Scroll            |       |       |    11 |     6 ||    17
       Potion            |       |       |     1 |       ||     1
 Stab: Sleeping          |    20 |    47 |    54 |    56 ||   177
       Confused          |       |     5 |    41 |    30 ||    76
       Distracted        |       |       |     4 |     1 ||     5
  Eat: Bread ration      |       |     2 |     2 |     1 ||     5
       Fruit             |       |       |     3 |       ||     3
Armor: Robe              |    15 |    11 |    18 |     9 ||    53
Dodge: Dodged            |   124 |    90 |   179 |   142 ||   535
Block: Buckler           |       |       |    37 |    56 ||    93
